 Dungeon Sprint DCSS version 0.30-a0-341-g682706514a (webtiles) character file.

Game seed: 4244659823338040553

2724 Zeld the Severer (level 9, -6/90 HPs)
             Began as a Minotaur Berserker on Nov 2, 2022.
             Was a High Priest of Trog.
             Mangled by a redback (7 damage)
             ... in the Dungeon (Sprint III: "The Ten Rune Challenge").
             The game lasted 00:01:31 (1372 turns).

Zeld the Severer (Minotaur Berserker)               Turns: 1372, Time: 00:01:32

Health: -6/90      AC:  4    Str: 26    XL:     9   Next: 40%
Magic:  8/8        EV: 15    Int:  4    God:    Trog [*****.]
Gold:   35         SH:  0    Dex: 10    Spells: 8/8 levels left

rFire   . . .      SeeInvis .    a - +0 hand axe
rCold   . . .      Faith    .    (no shield)
rNeg    . . .      Spirit   .    b - +0 animal skin
rPois   .          Reflect  .    (helmet restricted)
rElec   .          Harm     .    j - +0 cloak
rCorr   .          Rampage  .    (no gloves)
Will    .....      NoTele   +    (no boots)
Stlth   +.........               (no amulet)
HPRegen 0.35/turn                (no ring)
MPRegen 0.11/turn                (no ring)

@: lethally poisoned (-6 -> -84), on berserk cooldown, slowed, very slow
A: horns 2, retaliatory headbutt
a: Renounce Religion, Berserk, Trog's Hand, Brothers in Arms


You were in the Dungeon.
You worshipped Trog.
Trog was extremely pleased with you.
You visited 1 branch You collected 35 gold pieces.

Inventory:

Hand Weapons
 a - a +0 hand axe (weapon)
Armour
 b - a +0 animal skin (worn)
 j - a +0 cloak (worn)
Wands
 i - a wand of flame (22)
Scrolls
 h - 2 scrolls of blinking
 l - 2 scrolls of torment {unknown}
 m - 3 scrolls of identify
Potions
 e - a potion of haste
 f - 2 potions of magic
 g - a potion of berserk rage
 k - 4 potions of mutation {unknown}
 n - a potion of flight {unknown}
 o - a potion of attraction {unknown}
Miscellaneous
 p - a lightning rod (4/4)


   Skills:
 + Level 12.3 Fighting
 * Level 16.6 Axes
 + Level 12.0 Armour
 + Level 11.0 Dodging


You had 8 spell levels left.
You didn't know any spells.
Your spell library was empty.

Dungeon Overview and Level Annotations

Branches:
Dungeon (1/1)

Altars:
Cheibriados
Dithmenos
Elyvilon
Fedhas
Gozag
Hepliaklqana
Kikubaaqudgha
Makhleb
Nemelex Xobeh
Okawaru
Qazlal
Ru
Sif Muna
Trog
Uskayaw
Vehumet
Wu Jian
Xom
Yredelemnul
Zin
The Shining One
Jiyva
Lugonu


Innate Abilities, Weirdness & Mutations

You have a pair of horns on your head.
You reflexively headbutt those who attack you in melee.


Message History

You feel a strong urge to attack something.
There is an open door here.
You feel your anger nearly subside.
You are no longer berserk.
You are exhausted.
You feel yourself slow down. The redback bites you!
You are poisoned.
The redback poisons you!
You slash the redback!
The redback is heavily wounded.
You feel extremely sick. The redback completely misses you.
Unknown command.
You closely miss the redback.
The redback is heavily wounded.
You feel extremely sick. The redback bites you! The redback bites you.
* * * LOW HITPOINT WARNING * * *
Unknown command.
You feel better. The redback bites you.
* * * LOW HITPOINT WARNING * * *
You are lethally poisoned!
The redback poisons you! The redback bites you!
* * * LOW HITPOINT WARNING * * *
You are more poisoned.
The redback poisons you!
You feel better. The redback bites you.
* * * LOW HITPOINT WARNING * * *
You are lethally poisoned!
The redback poisons you! The redback bites you!
* * * LOW HITPOINT WARNING * * *
Unknown command.
Unknown command.
You feel much better.
* * * LOW HITPOINT WARNING * * *
You feel extremely sick. The redback closely misses you. The redback bites you!
* * * LOW HITPOINT WARNING * * *
You are more poisoned.
The redback poisons you! The redback bites you!
You die...

# # # #
#+#####################
#....#.#.#.....#...^..+
##.#).#.##.###)#.^..^.#
'##)#.#.##)#.)##......#
#...#..#..##..'.@s.^..#
▓▓▓▓▓▓▓▓▓▓▓▓▓▓#.....^.#
#.^..^^.# +.^..^..#
#.......# ##+######


You could see a redback.

Vanquished Creatures
  Erolcha (D)
  A deep elf pyromancer (D)
  A shadow (D)
  A redback (D)
  A spatial vortex (D)
  5 two-headed ogres (D)
  A water elemental (D)
  A necrophage (D)
  A jelly (D)
  Crazy Yiuf (D)
  Jessica (D)
  A necromancer (D)
  3 humans (D)
  A kobold demonologist (D)
  An endoplasm (D)
  2 rats (D)
23 creatures vanquished.

Vanquished Creatures (others)
  A wizard (D)
1 creature vanquished.

Grand Total: 24 creatures vanquished

Notes
Turn   | Place    | Note
-------+----------+-------------------------------------------
     0 | D        | Zeld the Minotaur Berserker began the quest for the Orb.
     0 | D        | Reached XP level 1. HP: 19/19 MP: 0/0
    11 | D        | Reached skill level 4 in Axes
    34 | D        | Noticed Jessica
    39 | D        | Killed Jessica
    39 | D        | Reached ** piety under Trog
    40 | D        | Reached skill level 5 in Axes
    40 | D        | Reached XP level 2. HP: 28/28 MP: 1/1
    61 | D        | Reached XP level 3. HP: 33/35 MP: 2/2
   165 | D        | Noticed Crazy Yiuf
   169 | D        | Killed Crazy Yiuf
   170 | D        | Reached skill level 5 in Fighting
   170 | D        | Reached skill level 6 in Axes
   174 | D        | Reached skill level 7 in Axes
   174 | D        | Reached XP level 4. HP: 42/42 MP: 3/3
   380 | D        | Noticed a water elemental
   384 | D        | Killed a water elemental
   384 | D        | Reached *** piety under Trog
   385 | D        | Reached skill level 8 in Axes
   385 | D        | Reached skill level 5 in Armour
   385 | D        | Reached skill level 5 in Dodging
   430 | D        | Found a radiant altar of Vehumet.
   430 | D        | Found a shimmering blue altar of Sif Muna.
   430 | D        | Found an ancient bone altar of Kikubaaqudgha.
   430 | D        | Noticed a wizard
   440 | D        | Reached XP level 5. HP: 37/51 MP: 4/4
   638 | D        | Found a glowing silver altar of Zin.
   638 | D        | Found a glowing golden altar of the Shining One.
   638 | D        | Found a white marble altar of Elyvilon.
   640 | D        | Noticed a deep elf pyromancer
   643 | D        | Killed a deep elf pyromancer
   644 | D        | Reached skill level 12 in Axes
   644 | D        | Reached XP level 6. HP: 63/63 MP: 5/5
   644 | D        | Reached XP level 7. HP: 70/70 MP: 6/6
   685 | D        | Found a hide-covered altar of Uskayaw.
   685 | D        | Found an iron altar of Okawaru.
   685 | D        | Found a bloodstained altar of Trog.
   685 | D        | Found an ornate altar of the Wu Jian Council.
   685 | D        | Noticed a human
   686 | D        | Noticed a human
   693 | D        | Killed a human
   693 | D        | Reached **** piety under Trog
   695 | D        | Killed a human
   696 | D        | Reached skill level 13 in Axes
   797 | D        | Found a basalt altar of Yredelemnul.
   797 | D        | Found a shadowy altar of Dithmenos.
   797 | D        | Found a sacrificial altar of Ru.
   802 | D        | Reached skill level 10 in Fighting
   845 | D        | Noticed a shadow
   850 | D        | Killed a shadow
   851 | D        | Reached XP level 8. HP: 79/79 MP: 7/7
   852 | D        | Reached skill level 10 in Armour
   957 | D        | Found a blossoming altar of Fedhas.
   957 | D        | Found a stormy altar of Qazlal.
   957 | D        | Found a snail-covered altar of Cheibriados.
   957 | D        | Found a burning altar of Makhleb.
   957 | D        | Found a shimmering altar of Xom.
   958 | D        | Found a hazy altar of Hepliaklqana.
   958 | D        | Found an opulent altar of Gozag.
   958 | D        | Found a sparkling altar of Nemelex Xobeh.
   958 | D        | Found a corrupted altar of Lugonu.
   958 | D        | Found a viscous altar of Jiyva.
   971 | D        | Reached ***** piety under Trog
   972 | D        | Reached skill level 14 in Axes
  1238 | D        | Noticed a two-headed ogre
  1245 | D        | Killed a two-headed ogre
  1246 | D        | Reached skill level 15 in Axes
  1246 | D        | Reached skill level 10 in Dodging
  1354 | D        | Noticed a two-headed ogre
  1354 | D        | Noticed Erolcha
  1357 | D        | Killed Erolcha
  1358 | D        | Reached skill level 16 in Axes
  1358 | D        | Reached XP level 9. HP: 90/90 MP: 8/8
  1361 | D        | Killed a two-headed ogre
  1361 | D        | Received a gift from Trog
  1371 | D        | HP: 2/90 [redback (14)]
  1372 | D        | Mangled by a redback

Illustrated notes

Levels and vault maps discovered:
D:        dungeon_sprint_mu [sprint_mu_entry_cave, sprint_mu_temple_rooms,
          sprint_mu_d1_spiders, sprint_mu_d2_genie, sprint_mu_d3_branching,
          sprint_mu_orc_legion, sprint_mu_elf_gauntlet, sprint_mu_hive_nellie,
          sprint_mu_lair_fedhas, sprint_mu_vaults_butterflies,
          sprint_mu_slime_circle, sprint_mu_shoals_kraken,
          sprint_mu_snake_twists, sprint_mu_blade_basic,
          sprint_mu_crypt_chambers, sprint_mu_tomb_spiral,
          sprint_mu_vestibule_basic, sprint_mu_gehenna_hellfire,
          sprint_mu_dis_giant, sprint_mu_tartarus_statrot,
          sprint_mu_cocytus_islands, sprint_mu_zot1]

Skill      XL: |  1  2  3  4  5  6  7  8  9 |
---------------+----------------------------+-----
Axes           | 5 7 8 12 13 16 | 16.6
Fighting       | 4 5 6 9 10 11 12 | 12.3
Armour         | 4 5 8 9 11 12 | 12.0
Dodging        | 3 4 5 7 9 10 11 | 11.0

Action                   |  1- 3 |  4- 6 |  7- 9 || total
-------------------------+-------+-------+-------++-------
Melee: Hand axe          |    16 |    11 |    53 ||    80
       Headbutt          |     1 |     2 |    11 ||    14
       Punch             |       |       |     1 ||     1
Invok: Berserk           |     2 |     3 |     6 ||    11
  Use: Potion            |       |       |     3 ||     3
Armor: Animal skin       |     1 |     4 |     1 ||     6
Dodge: Dodged            |     9 |     4 |    23 ||    36

Table legend: (Time is in decaauts)
 A = Elapsed time spent in this place.
 B = Non-inter-level travel time spent in this place.
 C = Inter-level travel time spent in this place.
 D = Time resting spent in this place.
 E = Time spent auto-exploring this place.
 F = Levels seen in this place.
 G = Mean time per level.
                   A        B        C        D        E       F      G
               +--------+--------+--------+--------+--------+-----+--------+
         Total |   1433 |   1433 |      0 |   1176 |     38 |   1 | 1433.0 |
       Dungeon |   1433 |   1433 |      0 |   1176 |     38 |   1 | 1433.0 |
               +--------+--------+--------+--------+--------+-----+--------+

Top non-repeatable levels by time:
       D: 1433 daAuts
